[Event "Titled Tuesday Blitz August 1 Early 2023"]
[White "Zaichenko, Daria"]
[Black "Hoang, Thi Bao Tram"]
[WhiteFideId "4197453"]
[BlackFideId "12401102"]
[WhiteElo "2275"]
[BlackElo "2474"]
[Result "0-1"]
[Round "2"]
[TimeControl "180+1"]
[Date "2023.08.01"]
[WhiteClock "0:00:36"]
[BlackClock "0:01:31"]
[Board "212"]

1. e4 c6 2. d4 d5 3. Nc3 dxe4 4. Nxe4 Bf5 5. Ng3 Bg6 6. h4 h6 7. h5 Bh7 8. Nf3 Nd7 9. Bd3 Bxd3 10. Qxd3 e6 11. Bd2 Ngf6 12. O-O-O Be7 13. Kb1 O-O 14. Ne4 Nxe4 15. Qxe4 Nf6 16. Qe2 Qd5 17. Ne5 Qe4 18. Be3 Nd5 19. Rh3 Rad8 20. Ka1 Bg5 21. Ng4 Nf4 22. f3 Nxe2 23. fxe4 Bxe3 24. Rxe3 Nxd4 25. Kb1 c5 26. Red3 Nc6 27. Rxd8 Rxd8 28. Rxd8+ Nxd8 29. Ne5 b6 30. c3 Kf8 31. b4 Ke7 32. g4 f6 33. Ng6+ Kd6 34. Kc2 Nc6 35. bxc5+ Kxc5 36. Nf8 Kd6 37. Ng6 Ne5 38. Nxe5 Kxe5 39. Kd3 Kf4 40. Kc4 Kxe4 41. a4 e5 42. Kb5 Kd5 43. c4+ Kd4 44. a5 e4 45. c5 bxc5 46. Ka6 e3 47. Kxa7 e2 48. a6 e1=Q 49. Ka8 Qe8+ 50. Ka7 c4 0-1


[Site "https://www.chess.com"]

[Event "Titled Tuesday Blitz August 1 Early 2023"]
[White "Avalos Parra, Joao"]
[Black "Boraso, Alessio"]
[WhiteFideId "3402541"]
[BlackFideId "848077"]
[WhiteElo "2273"]
[BlackElo "2472"]
[Result "0-1"]
[Round "2"]
[TimeControl "180+1"]
[Date "2023.08.01"]
[WhiteClock "0:01:20"]
[BlackClock "0:01:23"]
[Board "213"]

1. d4 Nf6 2. c4 Nc6 3. Nf3 d6 4. a3 e5 5. d5 Nb8 6. Nc3 a5 7. h3 Be7 8. Bg5 Na6 9. e3 Nxd5 10. Nxd5 Bxg5 11. c5 O-O 12. Bxa6 Rxa6 13. O-O e4 14. Nxg5 Qxg5 15. Nxc7 Bxh3 16. g3 Bxf1 17. Qxf1 Rc6 18. cxd6 Rxd6 19. Nb5 Rh6 20. Nc3 Qg4 21. Qg2 Rd8 22. Nxe4 Rd1+ 0-1


[Site "https://www.chess.com"]

[Event "Titled Tuesday Blitz August 1 Early 2023"]
[White "Smietanska, Wiktoria"]
[Black "Yeritsyan, Hayk"]
[WhiteFideId "21869359"]
[BlackFideId "13307320"]
[WhiteElo "2263"]
[BlackElo "2470"]
[Result "0-1"]
[Round "2"]
[TimeControl "180+1"]
[Date "2023.08.01"]
[WhiteClock "0:01:09"]
[BlackClock "0:02:43"]
[Board "214"]

1. c4 c6 2. Nf3 d5 3. e3 Nf6 4. Nc3 e6 5. b3 Bd6 6. Bb2 Nbd7 7. d4 Qe7 8. Bd3 O-O 9. O-O e5 10. dxe5 Nxe5 11. cxd5 Nxf3+ 12. Qxf3 Bg4 13. Bxh7+ Kxh7 14. dxc6 Bxf3 15. gxf3 bxc6 0-1


[Site "https://www.chess.com"]

[Event "Titled Tuesday Blitz August 1 Early 2023"]
[White "MFatigue"]
[Black "Clawitter, Craig"]
[BlackFideId "2023105"]
[WhiteElo "2469"]
[BlackElo "2260"]
[Result "1-0"]
[Round "2"]
[TimeControl "180+1"]
[Date "2023.08.01"]
[WhiteClock "0:00:21"]
[BlackClock "0:00:00"]
[Board "215"]

1. e4 e6 2. d4 d5 3. Nc3 Bb4 4. e5 c5 5. a3 Bxc3+ 6. bxc3 Ne7 7. Qg4 Qc7 8. Qxg7 Rg8 9. Qxh7 cxd4 10. Ne2 Nbc6 11. f4 dxc3 12. Qd3 d4 13. Nxd4 Nxd4 14. Qxd4 Bd7 15. Rg1 Nf5 16. Qf2 Qc6 17. Bd3 Qd5 18. g4 Nd4 19. Rg3 Qh1+ 20. Qf1 Qxh2 21. Qg2 Qh4 22. Qh3 Qxh3 23. Rxh3 O-O-O 24. Be3 Ba4 25. O-O-O Rxg4 26. Rh7 Rg2 27. Bxd4 Rxd4 28. Rxf7 Bd7 29. Rh1 Rf2 30. Rh4 a5 31. Kb1 b5 32. Rh8+ Kc7 33. Rhf8 b4 34. axb4 axb4 35. f5 b3 36. fxe6 bxc2+ 37. Bxc2 Rxf7 38. Rxf7 Kc6 39. Rxd7 Rxd7 40. exd7 Kxd7 41. Bf5+ Ke7 42. Kc2 1-0


[Site "https://www.chess.com"]

[Event "Titled Tuesday Blitz August 1 Early 2023"]
[White "Thiel, Thomas"]
[Black "Rama, Tejas"]
[WhiteFideId "4615964"]
[BlackFideId "30907381"]
[WhiteElo "2255"]
[BlackElo "2467"]
[Result "0-1"]
[Round "2"]
[TimeControl "180+1"]
[Date "2023.08.01"]
[WhiteClock "0:00:54"]
[BlackClock "0:00:16"]
[Board "216"]

1. e4 c5 2. Nc3 Nc6 3. Bb5 Nd4 4. Bc4 Nf6 5. Nge2 a6 6. d3 b5 7. Bb3 Nxb3 8. axb3 Bb7 9. O-O e6 10. f4 d5 11. e5 d4 12. exf6 dxc3 13. f5 Qd5 14. Nf4 Qd4+ 15. Kh1 cxb2 16. Bxb2 Qxb2 17. fxe6 Qxf6 18. exf7+ Qxf7 19. Ne6 Qg6 20. Qe2 Be7 21. Nc7+ Kd7 22. Nxa8 Rxa8 23. Rae1 Bh4 24. Rd1 Re8 25. Qd2 Bg5 26. Qf2 Bh4 27. Qf7+ Qxf7 28. Rxf7+ Re7 29. Rxe7+ Kxe7 30. d4 c4 31. bxc4 bxc4 32. Rb1 Bd5 33. Ra1 c3 34. Rxa6 Bf6 35. Ra4 Ke6 36. Kg1 Be4 37. Kf2 Bxc2 38. Ra6+ Kd5 39. Kf3 Be4+ 40. Ke2 c2 41. Kd2 Bg5+ 0-1


[Site "https://www.chess.com"]

[Event "Titled Tuesday Blitz August 1 Early 2023"]
[White "Ronka, Erik"]
[Black "Joshi, Pankaj"]
[WhiteFideId "505080"]
[BlackFideId "5006210"]
[WhiteElo "2466"]
[BlackElo "2255"]
[Result "1-0"]
[Round "2"]
[TimeControl "180+1"]
[Date "2023.08.01"]
[WhiteClock "0:00:10"]
[BlackClock "0:00:00"]
[Board "217"]

1. d4 Nf6 2. c4 g6 3. Nc3 Bg7 4. e4 d6 5. f3 O-O 6. Be3 c5 7. Nge2 Nc6 8. d5 Ne5 9. Ng3 e6 10. Be2 exd5 11. cxd5 Re8 12. O-O a6 13. a4 h5 14. Qd2 h4 15. Nh1 h3 16. g4 Bd7 17. Nf2 b5 18. Nxh3 b4 19. Nd1 Nxe4 20. fxe4 Qh4 21. Ndf2 Bxg4 22. Nxg4 Nxg4 23. Bxg4 Rxe4 24. Nf2 Rxg4+ 25. Nxg4 Qxg4+ 26. Qg2 Qc4 27. Kh1 Re8 28. Qf2 Qe4+ 29. Qf3 Qxe3 30. Qxf7+ Kh8 31. Rae1 Qxe1 32. Rxe1 Rxe1+ 33. Kg2 Re2+ 34. Kf3 Rxb2 35. Qxg6 Rb3+ 36. Ke2 Rb2+ 37. Kf3 Rxh2 38. Qe8+ Kh7 39. Qe4+ Kg8 40. Qe6+ Kh7 41. Qxd6 Rh3+ 42. Kg4 Rc3 43. Qe6 b3 44. d6 b2 45. Qf5+ Kh8 46. d7 1-0


[Site "https://www.chess.com"]

[Event "Titled Tuesday Blitz August 1 Early 2023"]
[White "Nareks, Matic"]
[Black "Vaglio Munoz, Jaime"]
[WhiteFideId "14629526"]
[BlackFideId "6500145"]
[WhiteElo "2466"]
[BlackElo "2255"]
[Result "1-0"]
[Round "2"]
[TimeControl "180+1"]
[Date "2023.08.01"]
[WhiteClock "0:00:13"]
[BlackClock "0:00:01"]
[Board "218"]

1. e4 c5 2. a3 Qa5 3. Bc4 b5 4. Ba2 c4 5. Nc3 Bb7 6. d3 Nf6 7. Nf3 e6 8. O-O cxd3 9. Qxd3 a6 10. e5 Ng4 11. h3 Nh6 12. Bxh6 gxh6 13. Ne4 Be7 14. Rfe1 Bxe4 15. Rxe4 Nc6 16. Rd1 O-O-O 17. Nd4 Rhg8 18. c4 b4 19. Nxc6 dxc6 20. Rd4 c5 21. Rd7 Qb6 22. axb4 Qc6 23. Rxd8+ Rxd8 24. Qc2 Rxd1+ 25. Qxd1 cxb4 26. Bb3 Qd7 27. Qf3 Qb7 28. Qxf7 Qd7 29. c5 Kc7 30. c6 Qd8 31. Qxe6 Bc5 32. Ba4 Qf8 33. Qd7+ Kb6 34. Qd2 Ka5 35. Bd1 Qe8 36. Qd5 Qf8 37. Bf3 Kb6 38. g3 Qg7 39. Kg2 Qe7 40. b3 a5 41. h4 a4 42. bxa4 h5 43. Bxh5 Qf8 44. Bf3 Qe7 45. Qc4 Kc7 46. Qd5 Kb6 47. Qc4 Kc7 48. a5 Qxe5 49. Qf7+ Kc8 50. Qd7+ Kb8 51. Qb7# 1-0


[Site "https://www.chess.com"]

[Event "Titled Tuesday Blitz August 1 Early 2023"]
[White "Garcia Almaguer, Juan Manuel"]
[Black "Samaganova, Aleksandra"]
[WhiteFideId "5110491"]
[BlackFideId "13800221"]
[WhiteElo "2465"]
[BlackElo "2250"]
[Result "1-0"]
[Round "2"]
[TimeControl "180+1"]
[Date "2023.08.01"]
[WhiteClock "0:00:23"]
[BlackClock "0:00:13"]
[Board "219"]

1. e4 c5 2. Nf3 e6 3. d4 cxd4 4. Nxd4 a6 5. a3 Qc7 6. Nc3 Nf6 7. Be2 b5 8. O-O Bb7 9. Qd3 d5 10. exd5 Nxd5 11. Nxd5 Bxd5 12. Re1 Bd6 13. Bf3 O-O 14. Bxd5 exd5 15. Nf5 Nd7 16. g3 Nb6 17. Qd4 f6 18. Be3 Rab8 19. Qg4 Rb7 20. Bxb6 Qxb6 21. Re6 Rd8 22. Rae1 g6 23. Nxd6 Rxd6 24. Rxd6 Qxd6 25. Qc8+ 1-0


[Site "https://www.chess.com"]

[Event "Titled Tuesday Blitz August 1 Early 2023"]
[White "Mikhaylova, Irina"]
[Black "Carrasco Miranda, Andres"]
[WhiteFideId "4109040"]
[BlackFideId "3405990"]
[WhiteElo "2249"]
[BlackElo "2461"]
[Result "1/2-1/2"]
[Round "2"]
[TimeControl "180+1"]
[Date "2023.08.01"]
[WhiteClock "0:00:16"]
[BlackClock "0:00:09"]
[Board "220"]

1. Nf3 Nf6 2. d4 g6 3. c4 Bg7 4. Nc3 d5 5. cxd5 Nxd5 6. Na4 Nb6 7. e4 O-O 8. Be3 Nc6 9. Be2 Bg4 10. d5 Bxf3 11. Bxf3 Ne5 12. Nxb6 axb6 13. Qc2 c6 14. Rd1 Rxa2 15. dxc6 Qc7 16. Be2 bxc6 17. Bd4 c5 18. Bc3 Nc6 19. Qb3 Bxc3+ 20. bxc3 Rfa8 21. Bc4 Qf4 22. O-O Ne5 23. Bd5 R8a3 24. Qxb6 Rc2 25. Qd8+ Kg7 26. Qxe7 Raxc3 27. g3 Qf6 28. Qxf6+ Kxf6 29. h3 Nf3+ 30. Kg2 Nd4 31. Rfe1 h5 32. h4 g5 33. hxg5+ Kxg5 34. Kh3 Rxf2 35. Rf1 Rcc2 36. Rxf2 Rxf2 37. Bxf7 Nf3 38. Rd5+ Kf6 39. Rf5+ Kg7 40. Bxh5 Rh2+ 41. Kg4 Nd2 42. Rg5+ Kf6 43. Rf5+ Ke6 44. Bf7+ Kd6 45. Bd5 Re2 46. Kg5 Nxe4+ 47. Bxe4 Rxe4 48. g4 c4 49. Rf6+ Kd5 50. Rf8 c3 51. Rd8+ Kc4 52. Rc8+ Kd3 53. Kf6 c2 54. Rxc2 Kxc2 55. g5 Kd3 56. g6 Rf4+ 57. Ke7 Rg4 58. Kf7 Ke4 59. g7 Ke5 60. g8=Q Rxg8 61. Kxg8 1/2-1/2


[Site "https://www.chess.com"]

[Event "Titled Tuesday Blitz August 1 Early 2023"]
[White "Perske, Thore"]
[Black "Palacio,Igor Da Paz"]
[WhiteFideId "12902195"]
[BlackFideId "2121140"]
[WhiteElo "2458"]
[BlackElo "2246"]
[Result "1-0"]
[Round "2"]
[TimeControl "180+1"]
[Date "2023.08.01"]
[WhiteClock "0:00:05"]
[BlackClock "0:00:02"]
[Board "221"]

1. e4 d6 2. d4 Nf6 3. Nc3 g6 4. Nge2 Bg7 5. g3 O-O 6. Bg2 c5 7. O-O e5 8. dxc5 dxc5 9. Qxd8 Rxd8 10. Bg5 Nbd7 11. Rfd1 h6 12. Be3 b6 13. Nd5 Nxd5 14. exd5 Bb7 15. a4 Nf6 16. Nc3 Ng4 17. Bc1 f5 18. a5 e4 19. a6 Bc8 20. h3 Ne5 21. Bf4 g5 22. Bc1 Nc4 23. Bf1 Nd6 24. Nb5 Kf7 25. c3 Nxb5 26. Bxb5 Bd7 27. Bc4 Kg6 28. Kg2 Re8 29. Bd2 Rad8 30. Be2 Bc8 31. Bb5 Re7 32. Be1 Bd7 33. Be2 Be8 34. Ra2 Red7 35. c4 Rd6 36. b4 Bd4 37. f3 e3 38. f4 gxf4 39. gxf4 Bf7 40. Ra3 Kh7 41. Bf3 Rg8+ 42. Kf1 cxb4 43. Bxb4 Bc5 44. Bxc5 bxc5 45. Ra5 Rgg6 46. Rxc5 Rxa6 47. Rc7 Rg7 48. Ke2 Be8 49. Rxg7+ Kxg7 50. Kxe3 Kf6 51. Rd3 Ke7 52. Kd4 Ra4 53. Re3+ Kd7 54. Re5 Bf7 55. Rxf5 Bg6 56. Rf6 Bc2 57. Be4 Bd1 58. Bd3 Ra3 59. Rxh6 Bf3 60. Rh7+ Kd6 61. c5# 1-0


[Site "https://www.chess.com"]

[Event "Titled Tuesday Blitz August 1 Early 2023"]
[White "Romero Pallares, Daniel"]
[Black "Tuleyeva-Aketayeva, Dana"]
[WhiteFideId "32025637"]
[BlackFideId "13701932"]
[WhiteElo "2458"]
[BlackElo "2242"]
[Result "1-0"]
[Round "2"]
[TimeControl "180+1"]
[Date "2023.08.01"]
[WhiteClock "0:00:15"]
[BlackClock "0:00:00"]
[Board "222"]

1. e4 c5 2. Nf3 Nc6 3. Bb5 g6 4. Bxc6 bxc6 5. O-O Bg7 6. Re1 Nh6 7. e5 O-O 8. d3 Nf5 9. Nc3 Ba6 10. b3 Nd4 11. Na4 d6 12. Nxd4 cxd4 13. Bf4 dxe5 14. Bxe5 f6 15. Bg3 e5 16. Qf3 Qd5 17. Qe2 c5 18. Qd2 Bb7 19. f3 Rfe8 20. Qa5 Bf8 21. Re2 Bc6 22. Rae1 Bxa4 23. Qxa4 Bh6 24. f4 Kg7 25. Kf1 Rf8 26. Kg1 e4 27. Rxe4 Rf7 28. h3 Qh5 29. Qc6 Raf8 30. Kh2 Qf5 31. Re7 g5 32. fxg5 fxg5 33. Be5+ Kg8 34. Bg3 g4 35. Qxh6 gxh3 36. Qxh3 Qg6 37. R7e4 Rf3 38. Rg4 1-0


[Site "https://www.chess.com"]

[Event "Titled Tuesday Blitz August 1 Early 2023"]
[White "Fontaine, Quentin"]
[Black "Daniel_Salinas"]
[WhiteFideId "230804"]
[WhiteElo "2456"]
[BlackElo "2242"]
[Result "1-0"]
[Round "2"]
[TimeControl "180+1"]
[Date "2023.08.01"]
[WhiteClock "0:00:58"]
[BlackClock "0:00:00"]
[Board "223"]

1. Nf3 Nf6 2. g3 d5 3. Bg2 e6 4. O-O Be7 5. d3 O-O 6. Nbd2 b6 7. e4 Bb7 8. e5 Nfd7 9. Re1 c5 10. Nf1 Nc6 11. h4 b5 12. Bf4 b4 13. h5 a5 14. h6 g6 15. N1h2 a4 16. a3 bxa3 17. bxa3 Ba6 18. Ng4 Qa5 19. Bg5 Bxg5 20. Nxg5 Qc3 21. Qf3 f5 22. exf6 Nxf6 23. Nxe6 Nxg4 24. Qxg4 Ne5 25. Qe2 Rf5 26. Bxd5 Re8 27. Ng7+ Kh8 28. Nxe8 Qd4 29. Be4 Rf8 30. Nc7 Bc8 31. Bg2 1-0


[Site "https://www.chess.com"]

[Event "Titled Tuesday Blitz August 1 Early 2023"]
[White "Sankalan Shah"]
[Black "Devaev, Alexander"]
[WhiteFideId "25600362"]
[BlackFideId "4169395"]
[WhiteElo "2239"]
[BlackElo "2456"]
[Result "0-1"]
[Round "2"]
[TimeControl "180+1"]
[Date "2023.08.01"]
[WhiteClock "0:00:10"]
[BlackClock "0:01:09"]
[Board "224"]

1. d4 Nf6 2. c4 e6 3. Nc3 Bb4 4. e3 c5 5. Bd2 cxd4 6. exd4 d5 7. a3 Bxc3 8. Bxc3 Nc6 9. Nf3 O-O 10. c5 Ne4 11. Bd3 Nxc3 12. bxc3 h6 13. O-O b6 14. cxb6 Qxb6 15. Qe2 Qa5 16. Rfb1 Ne7 17. Rb4 Qc7 18. Rc1 Rb8 19. Qb2 Bd7 20. Rb1 Nc6 21. Rxb8 Rxb8 22. Qc2 Na5 23. Rxb8+ Qxb8 24. Ne5 Be8 25. c4 dxc4 26. Nxc4 Nc6 27. h3 Nxd4 28. Qc3 Nb5 29. Qb4 Qd8 30. Bc2 Nd4 31. Qd2 Qf6 32. Qd3 g6 33. Ne3 Bb5 34. Qc3 Nf3+ 0-1


[Site "https://www.chess.com"]

[Event "Titled Tuesday Blitz August 1 Early 2023"]
[White "Balla, Tamas-Kristof"]
[Black "Atanasov, Radislav"]
[WhiteFideId "1208497"]
[BlackFideId "2901471"]
[WhiteElo "2455"]
[BlackElo "2235"]
[Result "0-1"]
[Round "2"]
[TimeControl "180+1"]
[Date "2023.08.01"]
[WhiteClock "0:00:36"]
[BlackClock "0:01:24"]
[Board "225"]

1. e4 e5 2. Nf3 Nc6 3. Bc4 Nf6 4. Ng5 Bc5 5. Nxf7 Bxf2+ 6. Kf1 Qe7 7. Nxh8 d5 8. exd5 Nd4 9. d6 Qxd6 10. d3 Bg4 11. Qd2 Be2+ 12. Kxf2 Ng4+ 13. Ke1 Qf6 14. Qg5 Qf2+ 15. Kd2 Bxd3+ 16. Kxd3 Qxc2# 0-1


[Site "https://www.chess.com"]

[Event "Titled Tuesday Blitz August 1 Early 2023"]
[White "Mishra, Manoj"]
[Black "Mmukka"]
[WhiteFideId "5006007"]
[WhiteElo "2234"]
[BlackElo "2454"]
[Result "0-1"]
[Round "2"]
[TimeControl "180+1"]
[Date "2023.08.01"]
[WhiteClock "0:00:18"]
[BlackClock "0:00:29"]
[Board "226"]

1. d4 d5 2. c4 dxc4 3. Nf3 Nf6 4. g3 a6 5. Bg2 b5 6. Ne5 c6 7. Nxc6 Qb6 8. Nxb8 Rxb8 9. Nc3 e6 10. O-O Bb7 11. e4 Be7 12. Bf4 Rd8 13. Be3 Qc7 14. Bf4 Qd7 15. Be5 O-O 16. Qe2 b4 17. Nd1 Qb5 18. a4 bxa3 19. bxa3 Rc8 20. a4 Qa5 21. Nb2 c3 22. Nc4 Qb4 23. Rab1 Qxc4 24. Qxc4 Rxc4 25. Rxb7 Bb4 26. Bxf6 gxf6 27. Rb1 a5 28. Bf1 Rxd4 29. f3 Rc8 30. Rc1 c2 31. Be2 Ba3 32. Rxc2 Rxc2 33. Rb8+ Kg7 0-1


[Site "https://www.chess.com"]

[Event "Titled Tuesday Blitz August 1 Early 2023"]
[White "Fudalej, Michal"]
[Black "Avazkhonov, Alikhon"]
[WhiteFideId "1118781"]
[BlackFideId "14208504"]
[WhiteElo "2230"]
[BlackElo "2453"]
[Result "1-0"]
[Round "2"]
[TimeControl "180+1"]
[Date "2023.08.01"]
[WhiteClock "0:01:04"]
[BlackClock "0:00:27"]
[Board "227"]

1. Nf3 d5 2. g3 c6 3. b3 Bg4 4. Bg2 Nd7 5. Bb2 Ngf6 6. O-O Bxf3 7. Bxf3 e5 8. c4 Bd6 9. cxd5 cxd5 10. Nc3 e4 11. Bg2 O-O 12. d3 Be5 13. Rc1 Rc8 14. Qd2 Qa5 15. Rc2 Rc5 16. d4 Bxd4 17. Qxd4 Rfc8 18. b4 1-0


[Site "https://www.chess.com"]

[Event "Titled Tuesday Blitz August 1 Early 2023"]
[White "alfianasybullina"]
[Black "favesaul"]
[WhiteElo "2228"]
[BlackElo "2452"]
[Result "0-1"]
[Round "2"]
[TimeControl "180+1"]
[Date "2023.08.01"]
[WhiteClock "0:00:51"]
[BlackClock "0:00:56"]
[Board "228"]

1. d4 Nf6 2. Nf3 g6 3. Bg5 Bg7 4. Nbd2 d5 5. e3 O-O 6. c4 c5 7. Qb3 cxd4 8. exd4 Nc6 9. Bxf6 Bxf6 10. cxd5 Nxd4 11. Nxd4 Bxd4 12. Be2 Qa5 13. Rd1 e6 14. O-O exd5 15. Nf3 Bg7 16. Rxd5 Qc7 17. Nd4 b6 18. Nb5 Qe7 19. Bf3 Be6 20. Qe3 Rae8 21. Re1 Qb4 22. Nc7 Bxd5 23. Nxe8 Bxf3 24. Nxg7 Bd5 25. Qe5 Qd2 26. f4 Qxg2# 0-1


[Site "https://www.chess.com"]

[Event "Titled Tuesday Blitz August 1 Early 2023"]
[White "hsd2016"]
[Black "Ventura Bolet, Maxim"]
[BlackFideId "22238824"]
[WhiteElo "2227"]
[BlackElo "2452"]
[Result "1/2-1/2"]
[Round "2"]
[TimeControl "180+1"]
[Date "2023.08.01"]
[WhiteClock "0:00:21"]
[BlackClock "0:00:21"]
[Board "229"]

1. c4 e5 2. g3 Nc6 3. Bg2 f5 4. Nc3 Nf6 5. d3 Bb4 6. e3 Bxc3+ 7. bxc3 O-O 8. Ne2 d6 9. O-O Qe8 10. h3 Qh5 11. f4 e4 12. Nd4 Qxd1 13. Rxd1 Na5 14. Nb5 Rf7 15. dxe4 fxe4 16. c5 a6 17. Nd4 dxc5 18. Nb3 Nxb3 19. axb3 Be6 20. c4 h5 21. Ba3 b6 22. Bb2 a5 23. Bxf6 gxf6 24. Bxe4 Re8 25. f5 Bxc4 26. Bc6 Rxe3 27. bxc4 Rxg3+ 28. Kh2 Rfg7 29. Rg1 Rxg1 30. Rxg1 Rxg1 31. Kxg1 Kf8 32. Kf2 Ke7 33. Ke3 Kd6 34. Ba4 Ke5 35. Bd7 c6 36. h4 b5 37. cxb5 cxb5 38. Bxb5 Kxf5 39. Kf3 Ke5 40. Ke3 f5 41. Be8 f4+ 42. Kf3 c4 43. Ba4 c3 44. Bc2 Kf6 45. Kxf4 a4 46. Bxa4 Kg7 47. Kg5 Kh8 48. Kxh5 c2 49. Bxc2 Kg8 50. Kg6 Kh8 51. h5 Kg8 52. h6 Kh8 53. Kf6 Kg8 54. Ke7 Kh8 55. Bg6 Kg8 56. Kf6 Kh8 57. Kf7 1/2-1/2


[Site "https://www.chess.com"]

[Event "Titled Tuesday Blitz August 1 Early 2023"]
[White "Bychkov, Vladimir"]
[Black "Liu, Leonardo"]
[WhiteFideId "24151513"]
[BlackFideId "30965780"]
[WhiteElo "2451"]
[BlackElo "2219"]
[Result "1-0"]
[Round "2"]
[TimeControl "180+1"]
[Date "2023.08.01"]
[WhiteClock "0:01:31"]
[BlackClock "0:01:24"]
[Board "230"]

1. d4 Nf6 2. c4 g6 3. Nc3 Bg7 4. e4 d6 5. Nf3 O-O 6. Be2 e5 7. O-O Nc6 8. d5 Ne7 9. b4 Nd7 10. Ba3 f5 11. c5 Nf6 12. b5 fxe4 13. Ng5 h6 14. Ngxe4 Nxe4 15. Nxe4 dxc5 16. Bxc5 Bf5 17. d6 cxd6 18. Nxd6 Kh7 19. Nxb7 Qc7 20. Qd6 Rac8 21. Qxe7 Qxe7 22. Bxe7 Rf7 23. Nd6 Rxe7 24. Nxc8 Bxc8 25. Rac1 Be6 26. a4 e4 27. a5 Bf5 28. b6 axb6 29. axb6 Rb7 30. Rc6 Bd4 31. Rc7+ Rxc7 32. bxc7 e3 33. fxe3 Bxe3+ 34. Kh1 Bc8 1-0


[Site "https://www.chess.com"]

[Event "Titled Tuesday Blitz August 1 Early 2023"]
[White "chessmateto"]
[Black "Tagliata"]
[WhiteElo "2451"]
[BlackElo "2208"]
[Result "1-0"]
[Round "2"]
[TimeControl "180+1"]
[Date "2023.08.01"]
[WhiteClock "0:00:11"]
[BlackClock "0:00:00"]
[Board "231"]

1. c4 Nf6 2. Nc3 e6 3. Nf3 d5 4. e3 Be7 5. b3 O-O 6. Bb2 c5 7. cxd5 Nxd5 8. Be2 Nc6 9. O-O Bf6 10. Rc1 Nxc3 11. Bxc3 e5 12. d3 Be6 13. Nd2 Be7 14. Nc4 f6 15. a4 Qd7 16. Qc2 Rfd8 17. Rfd1 Bf5 18. Qb2 Rac8 19. Rd2 Qe6 20. e4 Bg4 21. Bxg4 Qxg4 22. Ne3 Qe6 23. Nd5 Bf8 24. f4 exf4 25. Nxf4 Qg4 26. Rf1 Bd6 27. Nd5 Ne5 28. Bxe5 fxe5 29. Rdf2 Qe6 30. Kh1 Rf8 31. Rf5 Rxf5 32. Rxf5 Rf8 33. Qf2 Rxf5 34. Qxf5 Qxf5 35. exf5 Kf7 36. g4 b6 37. Kg2 Ke8 38. Kf3 Kd7 39. Ke4 Kc6 40. Ne3 Bc7 41. Nc4 b5 42. Nxe5+ Kb6 43. Nd7+ Kc6 44. Nf8 bxa4 45. bxa4 Kb6 46. h4 Ka5 47. Ne6 Bd6 48. Kd5 Be7 49. g5 Kxa4 50. Nxg7 Kb3 51. f6 Bf8 52. Ne6 a5 53. Nxf8 a4 54. Ne6 a3 55. Nxc5+ Kb2 56. Na4+ Kc2 57. f7 a2 58. f8=Q a1=Q 59. Qf2+ Kb3 60. Nc5+ Kb4 61. Qd2+ Kb5 62. d4 Qh1+ 63. Ne4 Kb6 64. Qb4+ Kc7 65. Qd6+ Kb7 66. Qc6+ Kb8 67. Qb6+ Kc8 68. Qc6+ Kb8 69. Qe8+ Kc7 70. Qf7+ Kb8 71. Qxh7 Qh3 72. Qg8+ Kc7 73. Qf7+ Kb8 74. g6 Qxh4 75. g7 Qd8+ 76. Nd6 Qa5+ 77. Ke6 Qe1+ 78. Kd7 1-0


[Site "https://www.chess.com"]

[Event "Titled Tuesday Blitz August 1 Early 2023"]
[White "Kokoszczynski, Jan"]
[Black "Kuchava, Ana"]
[WhiteFideId "1174460"]
[BlackFideId "13605348"]
[WhiteElo "2449"]
[BlackElo "2203"]
[Result "1-0"]
[Round "2"]
[TimeControl "180+1"]
[Date "2023.08.01"]
[WhiteClock "0:00:32"]
[BlackClock "0:00:00"]
[Board "232"]

1. d4 d5 2. Nf3 Nf6 3. Bf4 c5 4. c3 Nc6 5. e3 Bf5 6. Nbd2 e6 7. Bb5 Be7 8. Ne5 O-O 9. Bxc6 bxc6 10. Nxc6 Qd7 11. Nxe7+ Qxe7 12. O-O h6 13. Qa4 c4 14. h3 Qb7 15. b3 cxb3 16. axb3 Rfc8 17. Rfc1 Ne4 18. Nxe4 Bxe4 19. Bd6 a6 20. Ra3 Rc6 21. Bc5 Bd3 22. Rd1 Bc2 23. Rd2 Be4 24. Qb4 Qxb4 25. Bxb4 Rb8 26. f3 Bg6 27. Kf2 f6 28. Ke2 Kf7 29. Rda2 Ra8 30. Bc5 Bb1 31. Ra1 Bc2 32. Kd2 Bf5 33. b4 Rb8 34. Rxa6 Rxa6 35. Rxa6 Ke8 36. Ra7 1-0


[Site "https://www.chess.com"]

[Event "Titled Tuesday Blitz August 1 Early 2023"]
[White "Hrescak, Ivana"]
[Black "Miszler, Levente"]
[WhiteFideId "14613441"]
[BlackFideId "763276"]
[WhiteElo "2203"]
[BlackElo "2448"]
[Result "1-0"]
[Round "2"]
[TimeControl "180+1"]
[Date "2023.08.01"]
[WhiteClock "0:00:21"]
[BlackClock "0:00:57"]
[Board "233"]

1. e4 c5 2. Nf3 d6 3. Bb5+ Bd7 4. Bxd7+ Nxd7 5. O-O g6 6. Qe2 Bg7 7. c3 e5 8. Rd1 Qb6 9. Na3 Ne7 10. Nc4 Qa6 11. Qf1 O-O 12. d4 cxd4 13. cxd4 Rac8 14. Ne3 Qxf1+ 15. Kxf1 exd4 16. Nxd4 Nc5 17. f3 a6 18. b4 Na4 19. Rd3 Rc4 20. Nxc4 Rc8 21. Nxd6 Rd8 22. Bf4 g5 23. Bg3 h5 24. h3 Ng6 25. Rc1 Nf4 26. Bxf4 gxf4 27. Rc8 1-0


[Site "https://www.chess.com"]

[Event "Titled Tuesday Blitz August 1 Early 2023"]
[White "Rodriguez, Santiago"]
[Black "De Souza, Cristiano Gomes"]
[WhiteFideId "3000591"]
[BlackFideId "2151758"]
[WhiteElo "2447"]
[BlackElo "2196"]
[Result "1-0"]
[Round "2"]
[TimeControl "180+1"]
[Date "2023.08.01"]
[WhiteClock "0:02:17"]
[BlackClock "0:01:34"]
[Board "234"]

1. d4 Nf6 2. Bg5 c5 3. d5 Qb6 4. Nc3 Qxb2 5. Bd2 Qb6 6. e4 d6 7. f4 g6 8. Nf3 Bg7 9. Rb1 Qd8 10. Bb5+ Bd7 11. e5 dxe5 12. fxe5 Ng4 13. e6 fxe6 14. Ng5 Nf6 15. Nxe6 Qc8 16. Nxg7+ Kf7 17. Bxd7 Qxd7 18. Ne6 Nxd5 19. Qf3+ Kxe6 20. Qe4+ Kf7 21. Qxd5+ Qxd5 22. Nxd5 b6 23. O-O+ 1-0


[Site "https://www.chess.com"]

[Event "Titled Tuesday Blitz August 1 Early 2023"]
[White "TacticsWizards"]
[Black "Rosh Jain"]
[BlackFideId "25789465"]
[WhiteElo "2189"]
[BlackElo "2446"]
[Result "0-1"]
[Round "2"]
[TimeControl "180+1"]
[Date "2023.08.01"]
[WhiteClock "0:00:08"]
[BlackClock "0:00:02"]
[Board "235"]

1. d4 Nf6 2. c4 e6 3. g3 d5 4. Bg2 c5 5. Nf3 dxc4 6. O-O Nc6 7. Qa4 Bd7 8. Qxc4 cxd4 9. Nxd4 Nxd4 10. Qxd4 Bc6 11. Bxc6+ bxc6 12. Qc4 Qd5 13. Qa4 Qb5 14. Nc3 Qxa4 15. Nxa4 Bd6 16. Be3 O-O 17. Rac1 Rfc8 18. Rfd1 Nd5 19. Bc5 Bxc5 20. Nxc5 Rab8 21. b3 Rb6 22. Rd2 g6 23. Rc4 a5 24. Ra4 Rb5 25. Rc4 Rb4 26. Rdc2 Kg7 27. Nd3 Rxc4 28. Rxc4 Kf6 29. Rc5 a4 30. b4 Ke7 31. Ra5 Nc3 32. Kf1 Rb8 33. a3 Rb6 34. Nc5 Nb1 35. Ra7+ Ke8 36. Rxa4 f5 37. Ra8+ Ke7 38. Ra7+ Kd6 39. f4 Kd5 40. Rd7+ Kc4 41. Rd3 Rb8 42. Nxe6 Ra8 43. Nd4 Rxa3 44. Rxa3 Nxa3 45. Nxc6 Kb5 46. Nd4+ Kxb4 47. Ne6 Nc4 48. Nf8 Ne3+ 49. Ke1 Ng4 50. h3 Nf6 51. Kf2 Kc5 52. Kf3 Kd6 53. e4 fxe4+ 54. Ke3 Ke7 55. Nxh7 Nxh7 56. Kxe4 Ke6 57. g4 Nf6+ 58. Kd4 Kd6 59. Kc4 Nd5 60. f5 g5 61. Kd4 Nf4 62. Ke4 Nxh3 63. f6 Ke6 64. f7 Kxf7 0-1


[Site "https://www.chess.com"]